 Dungeon Crawl Stone Soup version 0.30.1-11-g7821555f0a (webtiles) character file.

Game seed: 14840653232532817248

2298 ZoaN the Fighter (level 9, -10/86 HPs)
             Began as a Minotaur Fighter on Jan 3, 2024.
             Was a Believer of Ru.
             Mangled by a thrashing horror (20 damage)
             ... on level 1 of the Abyss.
             The game lasted 00:35:01 (7072 turns).

ZoaN the Fighter (Minotaur Fighter)                 Turns: 7072, Time: 00:35:02

Health: -10/86     AC: 12    Str: 26    XL:     9   Next: 17%
Magic:  8/8        EV:  6    Int:  5    God:    Ru [**....]
Gold:   293        SH:  4    Dex:  9    Spells: 8/8 levels left

rFire   . . .        a - +1 war axe
rCold   . . .        c - +0 buckler
rNeg    . . .        X - +0 plate armour
rPois   .            (helmet restricted)
rElec   .            (no cloak)
rCorr   .            (no gloves)
SInv    .            (no boots)
Will    .....        (no amulet) Stlth
                     (no ring)
HPRegen 0.34/turn    (no ring)
MPRegen 0.11/turn

%: no passive effects
@: about to teleport, slowed, very slow
A: horns 2, hated by all, retaliatory headbutt
a: Renounce Religion


You were on level 1 of the Abyss.
You worshipped Ru.
Ru was pleased with you.
You visited 2 branches of the dungeon, and saw 9 of its levels.
You visited the Abyss 1 time.

You collected 293 gold pieces.

Inventory:

Hand Weapons
 a - a +1 war axe (weapon)
 g - a +0 dagger
 k - a +0 dagger
 l - a +0 hand axe
 o - a +0 whip
 p - a +2 short sword of venom
 u - a +0 mace
 z - a +0 spear
 H - a +0 long sword
 L - a +0 heavy hand axe
 Q - a +0 shortbow
 U - a +3 battleaxe
 W - a +2 spectral quarterstaff
Missiles
 e - 16 poisoned darts (quivered)
 R - 8 javelins
Armour
 b - a +0 scale mail
 c - a +0 buckler (worn)
 i - a +0 robe
 j - a +0 ring mail
 q - an orb of mayhem
 t - a +1 chain mail
 v - a +0 chain mail
 w - a +0 pair of gloves
 x - a +0 ring mail
 A - a +0 leather armour
 C - a +0 scale mail
 I - a +0 chain mail
 X - a +0 plate armour (worn)
Magical Staves
 r - a staff of poison
Jewellery
 m - a +6 ring of intelligence
 n - a ring of protection from cold
 K - a +6 ring of strength
Wands
 y - a wand of flame (16)
 B - a wand of charming (9)
 N - a wand of iceblast (13)
Scrolls
 h - a scroll of noise
 s - a scroll of teleportation
 G - a scroll of fear
 J - a scroll of enchant armour
 P - a scroll of identify
 S - a scroll of torment {unknown}
 T - a scroll of acquirement {unknown}
Potions
 d - a potion of might
 f - a potion of lignification
 D - a potion of haste {unknown}
 E - a potion of attraction
 F - a potion of heal wounds {unknown}
 O - a potion of brilliance
 V - a potion of invisibility


   Skills:
 * Level 10.7 Fighting
 * Level 10.4 Axes
 - Level 4.4 Armour
 - Level 4.1 Shields


You had 8 spell levels left.
You didn't know any spells.
Your spell library contained the following spells:

 Spells                   Type           Power      Damage    Failure   Level
 Foxfire                  Conj/Fire      0%         2x1d4     100%        1
 Slow                     Hex            0%         N/A       100%        1
 Sublimation of Blood     Necr           0%         N/A       100%        2
 Confusing Touch          Hex            0%         N/A       100%        3
 Vampiric Draining        Necr           0%         2d6       100%        3
 Vhi's Electric Charge    Tloc/Air       0%         N/A       100%        3
 Agony                    Necr           0%         N/A       100%        5
 Arcjolt                  Conj/Air       0%         1d10      100%        5
 Fireball                 Conj/Fire      0%         3d3       100%        5
 Metabolic Englaciation   Hex/Ice        0%         N/A       100%        5
 Plasma Beam              Fire/Air       0%         2x1d11    100%        6
 Starburst                Conj/Fire      0%         6d3       100%        6
 Chain Lightning          Conj/Air       0%         N/A       100%        9
 Fire Storm               Conj/Fire      0%         5d1       100%        9
 Shatter                  Erth           0%         3d5*      100%        9
 Summon Ice Beast         Ice/Summ       Unusable   N/A       N/A         4

Dungeon Overview and Level Annotations

Branches:
Dungeon (8/15)             Temple (1/1) D:6
   Lair: D:8-11

Altars:
Ashenzari
Dithmenos
Gozag
Kikubaaqudgha
Makhleb
Nemelex Xobeh
Okawaru
Qazlal
Ru
Trog
Uskayaw
Vehumet
Wu Jian
Xom
Zin
The Shining One

Annotations:
D:8 Psyche


Innate Abilities, Weirdness & Mutations

You have a pair of horns on your head.
You are hated by all.
You reflexively headbutt those who attack you in melee.


Message History

The thrashing horror seems to grow stronger.
The death drake breathes miasma at you. The foul vapour engulfs you.
You are poisoned.
The thrashing horror tramples you!
You hold your ground!
The thrashing horror tramples you but does no damage.
You hit the thrashing horror but do no damage.
Your headbutt misses the thrashing horror.
The thrashing horror is almost destroyed.
You are engulfed in dark miasma.
You are lethally poisoned!
You feel yourself slow down.
* * * LOW HITPOINT WARNING * * *
You feel extremely sick.
You block the thrashing horror's attack.
The thrashing horror closely misses you.
The death drake breathes miasma at you. The foul vapour engulfs you.
You are more poisoned.
* * * LOW HITPOINT WARNING * * *
You feel better.
The thrashing horror tramples you but does no damage.
The thrashing horror tramples you.
* * * LOW HITPOINT WARNING * * *
You hold your ground!
The thrashing horror tramples you.
* * * LOW HITPOINT WARNING * * *
You hold your ground!
The thrashing horror tramples you.
* * * LOW HITPOINT WARNING * * *
You hold your ground!
As you read the scroll of teleportation, it crumbles to dust.
You feel strangely unstable.
You feel the power of the Abyss delaying your translocation!
The thrashing horror tramples you!
* * * LOW HITPOINT WARNING * * *
You hold your ground!
The thrashing horror tramples you!
* * * LOW HITPOINT WARNING * * *
You hold your ground!
The death drake bites you but does no damage.
You feel better. The thrashing horror tramples you!!
You die...

## ~##≈#.. #
. #..~≈#~~ #
.. #.. #
###...### # .
##.. .
#.#..#. # #
.##...#. # ..
### ... ..#
#.## # #....
#.#.#.
#....###.## #
#..#...#@..#
#....k.X.#
........#..##
○...#..####
#.#.#...# . #
#####


You could see a death drake and a thrashing horror (strong).

Vanquished Creatures
  The ghost of Didimus the Cutter, a novice HuWn of Hepliaklqana (D:6)
  A wyvern (D:7)
  A steam dragon (D:7)
  A water moccasin (D:6)
  2 centaurs (D:7)
  An ice beast (D:7)
  A sky beast (D:6)
  An ogre (D:7)
  2 phantoms
  A kobold brigand (D:7)
  A bullfrog (D:7)
  A scorpion (D:5)
  5 wights (D:7)
  2 electric eels (D:6)
  2 hounds
  Terence (D:2)
  2 orc wizards
  A sleepcap (D:5)
  4 iguanas
  6 adders
  A shadow imp (D:6)
  An ufetubus (D:6)
  2 worms (D:4)
  3 dart slugs
  16 orcs
  6 ball pythons
  8 bats
  7 endoplasms
  6 giant cockroaches
  6 goblins
  4 hobgoblins
  5 jackals
  9 kobolds
  4 quokkas
  3 frilled lizards
  5 rats
  2 butterflies (D:6)
125 creatures vanquished.

Notes
Turn   | Place    | Note
-------+----------+-------------------------------------------
     0 | D:1      | ZoaN the Minotaur Fighter began the quest for the Orb.
     0 | D:1      | Reached XP level 1. HP: 19/19 MP: 0/0
   361 | D:1      | Reached XP level 2. HP: 27/27 MP: 1/1
  1172 | D:2      | Reached XP level 3. HP: 33/33 MP: 2/2
  1555 | D:2      | Noticed Terence
  1570 | D:2      | Killed Terence
  1571 | D:2      | Reached XP level 4. HP: 26/41 MP: 3/3
  1942 | D:3      | Found a faded altar of an unknown god.
  2325 | D:3      | Found an ornate altar of the Wu Jian Council.
  2561 | D:3      | Reached skill level 5 in Fighting
  2769 | D:4      | Reached XP level 5. HP: 47/48 MP: 4/4
  2973 | D:4      | Found a radiant altar of Vehumet.
  3022 | D:4      | Got the Anthology of Lamentation and Freezing
  3037 | D:4      | Found a hide-covered altar of Uskayaw.
  3050 | D:4      | Reached skill level 5 in Axes
  3214 | D:5      | Entered Level 5 of the Dungeon
  3267 | D:5      | Reached XP level 6. HP: 56/57 MP: 5/5
  3481 | D:5      | Found a shimmering altar of Xom.
  3481 | D:5      | Found an opulent altar of Gozag.
  3732 | D:5      | You fall into a shaft and drop 1 floor!
  3887 | D:6      | Reached XP level 7. HP: 54/66 MP: 6/6
  3941 | D:6      | Found a staircase to the Ecumenical Temple.
  3951 | Temple   | Entered the Ecumenical Temple
  4026 | Temple   | Became a worshipper of Ru the Awakened
  4286 | D:6      | HP: 2/66 [electric eel/bolt of electricity (12)]
  4894 | D:6      | Found a sparkling altar of Nemelex Xobeh.
  4894 | D:6      | Found a broken altar of Ashenzari.
  4934 | D:6      | Found a blossoming altar of Fedhas.
  4994 | D:6      | Found a runed translucent gate.
  4994 | D:6      | Found a runed translucent gate.
  4994 | D:6      | Found a runed translucent gate.
  4998 | D:6      | Noticed Didimus's ghost (novice HuWn)
  5010 | D:6      | Killed Didimus's ghost
  5011 | D:6      | Reached XP level 8. HP: 69/77 MP: 7/7
  5709 | D:7      | Reached skill level 10 in Fighting
  5953 | D:7      | Reached skill level 10 in Axes
  5953 | D:7      | Reached XP level 9. HP: 80/86 MP: 8/8
  5992 | D:7      | Gained mutation: You are hated by all. [Ru sacrifice]
  5992 | D:7      | Reached * piety under Ru
  5992 | D:7      | Reached ** piety under Ru
  6958 | D:8      | Identified the +4 war axe of Jahef {protect, rC+ Int+3}
  6963 | D:8      | Noticed Psyche
  6968 | Abyss:1  | Cast into level 1 of the Abyss (Psyche)
  6973 | Abyss:1  | Found a corrupted altar of Lugonu.
  7052 | Abyss:1  | Noticed a thrashing horror
  7065 | Abyss:1  | Noticed a death drake
  7071 | Abyss:1  | HP: 1/86 [thrashing horror (7)]
  7072 | Abyss:1  | Mangled by a thrashing horror

Illustrated notes

Levels and vault maps discovered:
D:1:      dpeg_cavernosity, layout_basic, grunt_decor_junction, st_stairs_10
D:2:      layout_loops_ring, uniq_terence
D:3:      layout_basic, nzn_wu_jian_contemplation,
          shapermc_ecumenical_altar_mp_urbaneastern
D:4:      layout_basic, nicolae_vehumet_altar_sigil,
          mainiacjoe_overflow_chevrons
D:5:      layout_rooms, mainiacjoe_overflow_brackets, brannock_xom_greatest_gift
D:6:      layout_gridville, old_standard_altar, nicolae_overflow_two_pavilions,
          minmay_temple_entry_butterflies, ebering_ghost_rock_garden
D:7:      layout_layer_cave
D:8:      layout_cave_pods, nicolae_sif_muna_little_library, lair_entry_dummy,
          hellmonk_scale_shop, uniq_psyche
Temple:   hellmonk_temple_of_storms
Abyss:1:  base:
D:2

Skill      XL: |  1  2  3  4  5  6  7  8 |
---------------+-------------------------+-----
Fighting       | 4 5 7 8 10 | 10.7
Armour         | 4 |  4.4
Shields        | 4 |  4.1
Axes           | 3 4 5 6 8 10 | 10.4

Action                     |  1- 3 |  4- 6 |  7- 9 || total
---------------------------+-------+-------+-------++-------
  Melee: War axe           |    80 |   156 |   125 ||   361
         Headbutt          |     9 |    26 |    20 ||    55
  Throw: Dart              |       |       |     6 ||     6
 Invoke: Sacrifice Love    |       |       |     1 ||     1
    Use: Scroll            |       |    11 |     5 ||    16
         Potion            |       |     1 |     4 ||     5
 Armour: Scale mail        |    25 |       |       ||    25
         Chain mail        |    15 |    68 |    65 ||   148
         Plate armour      |       |       |    13 ||    13
  Dodge: Dodged            |    38 |    57 |    57 ||   152
  Block: Buckler           |    14 |    27 |    26 ||    67
